 Dungeon Crawl Stone Soup version 0.22-a0-565-gfc6459a (webtiles) character file.

90 Azzok the Digger (level 4, -1/24 HPs)
             Began as a Gargoyle Earth Elementalist on June 27, 2018.
             Slain by an adder (4 damage)
             ... on level 2 of the Dungeon on June 28, 2018.
             The game lasted 00:05:34 (2348 turns).

Azzok the Digger (Gargoyle Earth Elementalist)      Turns: 2348, Time: 00:05:35

Health: -1/24      AC:  5    Str: 12    XL:     4   Next: 56%
Magic:  3/7        EV: 12    Int: 16    God:
Gold:   41         SH:  0    Dex: 10    Spells: 3/7 levels left

rFire    . . .     SeeInvis .   (no weapon)
rCold    . . .     Gourm    .   (no shield)
rNeg     + . .     Faith    .   c - +0 robe
rPois    ∞         Spirit   .   (no helmet)
rElec    +         Reflect  .   (no cloak)
rCorr    .         Harm     .   (no gloves)
MR       .....                  (no boots)
Stlth    ++........             (no amulet)
HPRegen  0.08/turn              (no ring)
MPRegen  0.10/turn              (no ring)

@: no status effects
A: negative energy resistance 1, electricity resistance, unbreathing,
petrification resistance, rot immunity, AC +3
a: no special abilities


You were on level 2 of the Dungeon.
You were not hungry.

You visited 1 branch of the dungeon, and saw 2 of its levels.

You collected 41 gold pieces.

Inventory:

Missiles
 b - 15 stones (quivered)
Armour
 c - a +0 robe (worn)
Jewellery
 k - a +6 ring of dexterity {unknown}
Scrolls
 a - a scroll of blinking {unknown}
 f - a scroll of remove curse {unknown}
 i - 4 scrolls of identify {unknown}
 l - a scroll of magic mapping {unknown}
Potions
 e - a potion of brilliance {unknown}
 g - a potion of magic {unknown}
 h - a potion of heal wounds {unknown}
 j - 2 potions of invisibility {unknown}
Comestibles
 d - 3 rations
 m - 5 chunks of flesh


   Skills:
 - Level 1.5 Dodging
 - Level 2.1 Stealth
 - Level 2.0 Spellcasting
 + Level 1.7 Conjurations
   Level 0.7 Transmutations
 + Level 5.8 Earth Magic


You had 3 spell levels left.
You knew the following spells:

 Your Spells              Type           Power        Failure   Level  Hunger
a - Sandblast             Erth           ###...       1%          1    #......
b - Stone Arrow           Conj/Erth      ##....       13%         3    ###....

Your spell library contained the following spells:

 Spells                   Type           Power        Failure   Level  Hunger
 Passwall                 Tmut/Erth      ##......     9%          2    ###....
 Lee's Rapid Deconstruct  Erth           ###.......   45%         5    ######.
 Petrify                  Tmut/Erth      ##......     47%         4    #####..


Dungeon Overview and Level Annotations

Branches:
Dungeon (2/15)

Altars:
Trog


Innate Abilities, Weirdness & Mutations

You are resistant to torment.
Your stone body is resilient. (AC +3)
You are immune to poison.
You resist negative energy. (rN+)
You are resistant to electric shocks. (rElec)
You can survive without breathing.
You are immune to petrification.
You are immune to rotting.


Message History

The adder is heavily wounded.
The adder bites you but does no damage.
You miss the adder.
The adder is heavily wounded.
The adder barely misses you.
You barely miss the adder.
The adder is heavily wounded.
The adder completely misses you. The adder bites you.
* * * LOW HITPOINT WARNING * * *
You miss the adder.
The adder is heavily wounded.
The adder bites you.
* * * LOW HITPOINT WARNING * * *
You miss the adder.
The adder is heavily wounded.
The adder bites you but does no damage.
You hit the adder but do no damage.
The adder is heavily wounded.
The adder closely misses you. The adder bites you.
You die...

▒▒▒▒·▒▒▒···▒▒▒·▒ ···
▒····▒
▒▒▒▒▒·▒·▒······· ···▒
▒·▒▒·▒
▒··········▒▒▒·▒ ▒··▒
▒▒·▒·▒· ▒·▒▒▒▒▒▒▒·▒▒▒▒
▒··▒ ▒···▒▒▒ ▒·▒ ▒···
·· ▒··▒ ▒·>▒·▒· ▒·▒
▒▒▒▒▒ ▒· ▒··▒ ▒··▒▒··
▒·▒ ▒▒
▒·▒▒··▒▒▒▒▒▒··▒▒··
▒·▒▒▒▒▒▒▒▒▒·▒
▒▒Sg··········▒▒··
▒·········
··▒▒▒@▒▒··▒▒▒▒▒▒·▒▒▒··
▒··▒▒▒▒▒▒▒
▒·▒·············▒ ▒··
▒··▒ ▒·▒·▒▒▒▒▒▒▒▒▒▒▒▒
▒·· ▒··▒ ▒····%▒·▒ ▒··
▒··▒ ▒>▒▒▒▒▒·▒ ▒▒·
···▒ ▒·▒ ▒· ▒·▒▒ ▒·▒
▒▒ ▒·▒ ▒·▒ ▒▒▒▒▒▒▒ ▒
▒·▒ ▒·▒ ▒·····▒▒g··▒


You could see an adder and a hobgoblin.

Vanquished Creatures
  2 adders (D:2)
  4 oozes
  A worm (D:2)
  2 dart slugs (D:1)
  2 leopard geckos
  5 bats
  A giant cockroach (D:1)
  2 goblins (D:1)
  8 hobgoblins
  8 jackals
  2 frilled lizards (D:2)
  4 kobolds
  5 rats
46 creatures vanquished.

Notes
Turn   | Place    | Note
-------+----------+-------------------------------------------
     0 | D:1      | Azzok the Gargoyle Earth Elementalist began the quest for the Orb.
     0 | D:1      | Reached XP level 1. HP: 10/10 MP: 3/3
    77 | D:1      | Reached skill level 4 in Earth Magic
   119 | D:1      | Reached XP level 2. HP: 15/15 MP: 0/5
   444 | D:1      | Reached skill level 5 in Earth Magic
   444 | D:1      | Reached XP level 3. HP: 11/19 MP: 0/6
  1034 | D:1      | Learned a level 3 spell: Stone Arrow
  1407 | D:2      | Upgraded the game from 0.22-a0-558-gc224181 to 0.22-a0-565-gfc6459a
  1653 | D:2      | Reached skill level 1 in Conjurations
  1653 | D:2      | Reached XP level 4. HP: 20/24 MP: 0/7
  1944 | D:2      | Found a bloodstained altar of Trog.
  2348 | D:2      | Slain by an adder

Vault maps used:
D:1:      scummos_arrival_forest, serial_park_tiny_2
D:2:      yredelemnul_forgotten_temple_becter, lemuel_doored_altar, bloody_trog

Skill      XL: |  1  2  3 |
---------------+----------+-----
Earth Magic    | 4 5 |  5.8
Conjurations   | 1 |  1.7
Dodging        | |  1.5
Stealth        | |  2.1
Spellcasting   | |  2.0
Transmutations | |  0.7

Action                   |  1- 3 |  4- 6 || total
-------------------------+-------+-------++-------
Melee: Unarmed           |    34 |    58 ||    92
 Cast: Sandblast         |    32 |     8 ||    40
       Stone Arrow       |    10 |    10 ||    20
  Eat: Chunk             |     4 |     4 ||     8
Armor: Robe              |    20 |    23 ||    43
Dodge: Dodged            |    37 |    32 ||    69

Table legend:
 A = Spawn XP
 B = Non-spawn XP
 C = Spawn XP percentage of total XP
 D = Spawn monster count
 E = Non-spawn monster count
 F = Spawn count percentage of total count
 G = Total turns spent on level
                    A         B        C        D         E        F      G
               +---------+---------+-------+---------+---------+-------+---------
         Total |       0 |     129 |   0.0 |       0 |      46 |   0.0 |  2348
               +---------+---------+-------+---------+---------+-------+---------
           D:1 |       0 |      55 |   0.0 |       0 |      23 |   0.0 |  1253
           D:2 |       0 |      74 |   0.0 |       0 |      23 |   0.0 |  1095
               +---------+---------+-------+---------+---------+-------+---------
